[Event "Titled Tuesday Blitz April 25 Late 2023"]
[White "Arencibia Monduy, Antonio"]
[Black "Nakamura, Hikaru"]
[WhiteFideId "3507939"]
[BlackFideId "2016192"]
[WhiteElo "2122"]
[BlackElo "2885"]
[Result "0-1"]
[Round "01"]
[TimeControl "180+2"]
[Date "2023.04.25"]
[WhiteClock "0:00:02"]
[BlackClock "0:00:54"]

1. e4 g6 2. Nf3 Bg7 3. d4 d6 4. Bd3 e5 5. dxe5 dxe5 6. O-O Nd7 7. Nc3 c6 8. Bc4 Ngf6 9. Re1 O-O 10. a4 a5 11. Qe2 h6 12. h3 Re8 13. Be3 Qc7 14. Rad1 Nf8 15. Qd2 Kh7 16. Qd6 Qxd6 17. Rxd6 Kg8 18. Red1 Nh5 19. Bb3 Ne6 20. g3 Nf8 21. Kg2 Nf6 22. g4 N6h7 23. Nd2 Be6 24. Nc4 Ng5 25. f3 Bxc4 26. Bxc4 Nge6 27. Ne2 Kh7 28. Bb3 Bf6 29. c3 Be7 30. R6d2 Kg7 31. f4 Bc5 32. Kf3 Bxe3 33. Kxe3 exf4+ 34. Nxf4 Nc5 35. Bc2 Nh7 36. b4 axb4 37. cxb4 Nxa4 38. Rd7 Nb2 39. R1d4 b5 40. Kd2 Nc4+ 41. Kc3 Ra3+ 42. Bb3 Nf6 43. Rc7 Nxe4+ 44. Rxe4 Rxe4 45. Nd3 Re3 46. Rd7 Ne5 0-1


[Site "https://www.chess.com"]

[Event "Titled Tuesday Blitz April 25 Late 2023"]
[White "Nihal Sarin"]
[Black "Koc, Przemyslaw"]
[WhiteFideId "25092340"]
[BlackFideId "1109081"]
[WhiteElo "2689"]
[BlackElo "2161"]
[Result "1-0"]
[Round "01"]
[TimeControl "180+2"]
[Date "2023.04.25"]
[WhiteClock "0:01:13"]
[BlackClock "0:00:40"]

1. e4 e5 2. Nf3 Nf6 3. Nxe5 Nxe4 4. Qe2 Qe7 5. Qxe4 d6 6. d4 dxe5 7. dxe5 Nc6 8. Nc3 Qxe5 9. Qxe5+ Nxe5 10. Bf4 Bd6 11. Bg3 h5 12. h4 f6 13. Nb5 Bf5 14. Nxd6+ cxd6 15. O-O-O Rc8 16. c3 Ke7 17. Be2 Bg4 18. f3 Be6 19. Kb1 Rhd8 20. Rhe1 Kf7 21. Bf2 b6 22. Rd2 g6 23. Red1 Ke7 24. Bd4 Bc4 25. f4 Ng4 26. Re1 Kf7 27. Bf3 Be6 28. Rde2 Bf5+ 29. Kc1 Rc7 30. Bd5+ Kf8 31. Kd2 Bc8 32. Bf3 Bf5 33. a4 Bc8 34. b4 Bf5 35. Ra1 Bc8 36. a5 b5 37. a6 Re8 38. Rxe8+ Kxe8 39. Ra5 Bd7 40. Bb7 Bc6 41. Bxc6+ Rxc6 42. Bxa7 Kd7 43. Bb8 1-0


[Site "https://www.chess.com"]

[Event "Titled Tuesday Blitz April 25 Late 2023"]
[White "Omelja, Artem"]
[Black "Naroditsky, Daniel"]
[WhiteFideId "14119846"]
[BlackFideId "2026961"]
[WhiteElo "2404"]
[BlackElo "2633"]
[Result "0-1"]
[Round "01"]
[TimeControl "180+2"]
[Date "2023.04.25"]
[WhiteClock "0:00:08"]
[BlackClock "0:01:06"]

1. e4 c5 2. Nf3 d6 3. Bb5+ Nd7 4. d4 cxd4 5. Qxd4 a6 6. Bxd7+ Bxd7 7. c4 e5 8. Qd3 h6 9. Nc3 Nf6 10. O-O Be7 11. h3 O-O 12. Be3 b5 13. Rfd1 Qb8 14. cxb5 axb5 15. Nd5 Nxd5 16. Qxd5 Be6 17. Qd2 Qb7 18. Re1 Qxe4 19. Bxh6 Qd5 20. Qxd5 Bxd5 21. Bg5 f6 22. Be3 Bxa2 23. Rac1 Rfc8 24. Nh4 Kf7 25. Nf5 Bf8 26. Red1 d5 27. f4 d4 28. Bf2 Bb3 29. Rxc8 Rxc8 30. Re1 d3 31. fxe5 d2 32. e6+ Bxe6 0-1


[Site "https://www.chess.com"]

[Event "Titled Tuesday Blitz April 25 Late 2023"]
[White "Aggelis, Nikolaos"]
[Black "Caruana, Fabiano"]
[WhiteFideId "4213220"]
[BlackFideId "2020009"]
[WhiteElo "2189"]
[BlackElo "2837"]
[Result "0-1"]
[Round "01"]
[TimeControl "180+2"]
[Date "2023.04.25"]
[WhiteClock "0:00:01"]
[BlackClock "0:00:14"]

1. c4 e6 2. g3 d5 3. Bg2 dxc4 4. Qa4+ Nd7 5. Qxc4 a6 6. Qc2 c5 7. Nf3 Ngf6 8. O-O Qc7 9. d4 b6 10. dxc5 Bxc5 11. Nc3 Bb7 12. Bf4 Bd6 13. Bxd6 Qxd6 14. Rfd1 Qe7 15. Qd2 Rd8 16. Qd6 Qxd6 17. Rxd6 Ke7 18. Rd2 b5 19. Nd4 Bxg2 20. Kxg2 Rc8 21. Nb3 Nb6 22. Na5 b4 23. Nd1 Rc5 24. Nb3 Rc7 25. Rc1 Rxc1 26. Nxc1 Rc8 27. Nb3 Nc4 28. Rc2 Nd5 29. Kg1 Ndb6 30. f3 a5 31. Kf2 a4 32. Nd4 e5 33. Nf5+ Kf6 34. g4 b3 35. axb3 axb3 36. Rc3 Nxb2 37. Rxb3 Nxd1+ 38. Ke1 Nd5 39. Kxd1 g6 40. Ng3 Kg5 41. Rb7 f5 42. gxf5 gxf5 43. Rxh7 Ne3+ 44. Kd2 f4 45. Ne4+ Kg6 46. Re7 Rd8+ 47. Kc1 Rd1+ 48. Kb2 Re1 0-1


[Site "https://www.chess.com"]

[Event "Titled Tuesday Blitz April 25 Late 2023"]
[White "Firouzja, Alireza"]
[Black "Kepeshchuk, Mykhaylo"]
[WhiteFideId "12573981"]
[BlackFideId "14113139"]
[WhiteElo "2904"]
[BlackElo "2279"]
[Result "1-0"]
[Round "01"]
[TimeControl "180+2"]
[Date "2023.04.25"]
[WhiteClock "0:00:39"]
[BlackClock "0:00:01"]

1. d4 Nf6 2. c4 c5 3. d5 b5 4. cxb5 a6 5. e3 g6 6. Nc3 Bg7 7. a4 O-O 8. Ra3 e6 9. Bc4 Bb7 10. Nge2 axb5 11. axb5 Rxa3 12. bxa3 exd5 13. Ba2 d4 14. exd4 cxd4 15. Qxd4 Ne4 16. Qb4 Nxc3 17. Nxc3 Bxg2 18. Rg1 Re8+ 19. Be3 Bb7 20. Nd5 d6 21. Kf1 Qc8 22. Qxd6 Qh3+ 23. Ke2 Qh5+ 24. Kd2 Qh4 25. Qc7 Bxd5 26. Bxd5 Rd8 27. Qxf7+ Kh8 28. Rd1 Qc4 29. Qg8+ 1-0


[Site "https://www.chess.com"]

[Event "Titled Tuesday Blitz April 25 Late 2023"]
[White "Lopez Gracia, Fernando"]
[Black "Duda, Jan-Krzysztof"]
[WhiteFideId "2207184"]
[BlackFideId "1170546"]
[WhiteElo "2255"]
[BlackElo "2790"]
[Result "0-1"]
[Round "01"]
[TimeControl "180+2"]
[Date "2023.04.26"]
[WhiteClock "0:01:45"]
[BlackClock "0:02:11"]

1. c4 e6 2. Nf3 Nf6 3. g3 b6 4. Bg2 Bb7 5. O-O Be7 6. d4 c6 7. Nc3 d5 8. b3 O-O 9. Bf4 Nbd7 10. Qc2 dxc4 11. bxc4 c5 12. d5 exd5 13. cxd5 Bxd5 14. Nxd5 Nxd5 15. Rfd1 Nxf4 16. gxf4 Qc7 17. Qf5 Rad8 18. Ng5 g6 19. Qh3 Bxg5 20. fxg5 Ne5 21. Rd5 Rxd5 22. Bxd5 Rd8 23. e4 c4 24. Rc1 b5 25. f4 Nd3 26. Qxd3 Qb6+ 0-1


[Site "https://www.chess.com"]

[Event "Titled Tuesday Blitz April 25 Late 2023"]
[White "Bluebaum, Matthias"]
[Black "Jaskolka, Tomasz"]
[WhiteFideId "24651516"]
[BlackFideId "1170791"]
[WhiteElo "2638"]
[BlackElo "2155"]
[Result "1-0"]
[Round "01"]
[TimeControl "180+2"]
[Date "2023.04.25"]
[WhiteClock "0:00:01"]
[BlackClock "0:00:00"]

1. d4 d5 2. c4 e5 3. dxe5 d4 4. Nf3 Nc6 5. a3 a5 6. g3 Nge7 7. Nbd2 Ng6 8. Nb3 Ngxe5 9. Nxe5 Nxe5 10. Qxd4 Qxd4 11. Nxd4 Nxc4 12. e4 Nd6 13. e5 Nf5 14. Nb5 Kd8 15. Bg5+ Be7 16. Bxe7+ Kxe7 17. Nxc7 Rb8 18. Bh3 Nd4 19. Nd5+ Kd8 20. O-O-O Nb3+ 21. Kc2 Bxh3 22. Kxb3 Be6 23. Ka4 Kd7 24. Nb6+ Kc6 25. Rd6+ Kc7 26. Rc1+ Bc4 27. Rxc4# 1-0


[Site "https://www.chess.com"]

[Event "Titled Tuesday Blitz April 25 Late 2023"]
[White "Karamsetty, Jeevan"]
[Black "Lazavik, Denis"]
[WhiteFideId "2025337"]
[BlackFideId "13515110"]
[WhiteElo "2111"]
[BlackElo "2560"]
[Result "0-1"]
[Round "01"]
[TimeControl "180+2"]
[Date "2023.04.25"]
[WhiteClock "0:00:06"]
[BlackClock "0:00:12"]

1. e4 c5 2. Nc3 e6 3. g3 Nc6 4. Bg2 Nf6 5. d3 d5 6. exd5 exd5 7. Bg5 Be7 8. Qe2 Nd4 9. Qd2 O-O 10. Bxf6 Bxf6 11. Nxd5 Re8+ 12. Ne3 Bg5 13. O-O-O Be6 14. Kb1 Qb6 15. f4 Bf6 16. c3 Qa6 17. Nd5 Rad8 18. c4 Bxd5 19. Bxd5 b5 20. Nf3 Re2 21. cxb5 Qd6 22. Nxd4 Rxd2 23. Rxd2 Qxd5 24. Re1 Qxd4 25. Rde2 g6 26. Rd1 c4 27. Red2 c3 28. Rc2 cxb2 29. h4 Qe3 30. Rcd2 Rc8 0-1


[Site "https://www.chess.com"]

[Event "Titled Tuesday Blitz April 25 Late 2023"]
[White "Kollars, Dmitrij"]
[Black "Rios Escobar, Adan"]
[WhiteFideId "12909572"]
[BlackFideId "3403645"]
[WhiteElo "2584"]
[BlackElo "2234"]
[Result "1-0"]
[Round "01"]
[TimeControl "180+2"]
[Date "2023.04.25"]
[WhiteClock "0:00:39"]
[BlackClock "0:00:02"]

1. Nf3 Nf6 2. c4 g6 3. Nc3 Bg7 4. g3 c5 5. Bg2 O-O 6. O-O Nc6 7. d4 cxd4 8. Nxd4 Qa5 9. e3 d6 10. Nb3 Qh5 11. Qxh5 Nxh5 12. c5 Rd8 13. Rd1 a5 14. cxd6 Bg4 15. f3 Be6 16. dxe7 Nxe7 17. Nd4 a4 18. a3 Bb3 19. Nxb3 axb3 20. Bd2 Rd7 21. Be1 Rad8 22. Rxd7 Rxd7 23. Bf1 Nf6 24. Bc4 Nf5 25. Kf2 Bh6 26. e4 Be3+ 27. Kg2 Nd4 28. Rd1 Nc2 29. Rxd7 Nxe1+ 30. Kf1 Nxd7 31. Kxe1 Bc1 32. Na4 Ne5 33. Be2 b5 34. Kd1 bxa4 35. Kxc1 Nd7 36. Kd2 f5 37. exf5 gxf5 38. Kc3 Nb6 39. Kb4 Kg7 40. Kc5 Nd7+ 41. Kb5 Nf6 42. Kxa4 Nd5 43. Kxb3 Kf6 44. Kc4 Ke5 45. Kc5 f4 46. a4 fxg3 47. hxg3 Nc7 48. a5 Ne6+ 49. Kb6 Nd4 50. Bd1 Kd6 51. a6 1-0


[Site "https://www.chess.com"]

[Event "Titled Tuesday Blitz April 25 Late 2023"]
[White "Mikhalsky, Vladimir"]
[Black "Martinez Alcantara, Jose Eduardo"]
[WhiteFideId "14144352"]
[BlackFideId "3805662"]
[WhiteElo "2236"]
[BlackElo "2711"]
[Result "0-1"]
[Round "01"]
[TimeControl "180+2"]
[Date "2023.04.25"]
[WhiteClock "0:00:24"]
[BlackClock "0:00:56"]

1. d4 Nf6 2. c4 e6 3. g3 Bb4+ 4. Bd2 Qe7 5. Bg2 Bxd2+ 6. Nxd2 d6 7. e3 O-O 8. Ne2 e5 9. Qc2 Nc6 10. d5 Nb4 11. Qc3 c5 12. dxc6 Nxc6 13. O-O Bg4 14. Rfe1 Rad8 15. Ne4 Nxe4 16. Bxe4 Be6 17. Rad1 Qc7 18. b3 Ne7 19. Rc1 b6 20. Red1 Rd7 21. Qd3 g6 22. Nc3 a6 23. Nd5 Bxd5 24. Bxd5 Kg7 25. Bg2 Rfd8 26. h4 h5 27. Bh3 f5 28. Bg2 Ng8 29. Qc3 Nf6 30. Qb4 Qc5 31. Qc3 Rc8 32. Qd3 Qc7 33. Qd2 Qd8 34. Qb4 Rc5 35. Qa4 a5 36. Bd5 Qc7 37. Be6 Re7 38. Bc8 Qxc8 39. Rxd6 Qc7 40. Rcd1 f4 41. exf4 exf4 42. gxf4 Rf5 43. Qa3 Rf7 44. Qb2 Rxf4 45. Qe5 Rf5 46. Qc3 Qc5 47. R6d5 Qxf2+ 48. Kh1 Qxh4+ 49. Kg2 Rf2+ 0-1


[Site "https://www.chess.com"]

[Event "Titled Tuesday Blitz April 25 Late 2023"]
[White "Paravyan, David"]
[Black "Kubatko, Ivan"]
[WhiteFideId "4194985"]
[BlackFideId "24111473"]
[WhiteElo "2563"]
[BlackElo "2285"]
[Result "1-0"]
[Round "01"]
[TimeControl "180+2"]
[Date "2023.04.25"]
[WhiteClock "0:00:33"]
[BlackClock "0:00:58"]

1. e4 d5 2. exd5 Qxd5 3. Nc3 Qa5 4. d4 Nf6 5. Nf3 Bg4 6. h3 Bh5 7. g4 Bg6 8. Ne5 e6 9. Bd2 Qb6 10. Qf3 Qxd4 11. Nxg6 hxg6 12. Qxb7 Bc5 13. O-O-O O-O 14. Qxa8 Nbd7 15. Qc6 Rb8 16. Qa6 Rb6 17. Qc4 Qxf2 18. Qf4 Qh4 19. g5 1-0


[Site "https://www.chess.com"]

[Event "Titled Tuesday Blitz April 25 Late 2023"]
[White "Fiedorek, Michal"]
[Black "Makarian, Rudik"]
[WhiteFideId "1199528"]
[BlackFideId "44105681"]
[WhiteElo "2135"]
[BlackElo "2430"]
[Result "0-1"]
[Round "01"]
[TimeControl "180+2"]
[Date "2023.04.25"]
[WhiteClock "0:00:10"]
[BlackClock "0:00:13"]

1. Nf3 Nf6 2. b3 d5 3. Bb2 Bg4 4. Ne5 Bh5 5. g3 Nbd7 6. Bg2 e6 7. O-O Bd6 8. Nxd7 Qxd7 9. c4 c6 10. d3 O-O 11. Bxf6 gxf6 12. Nd2 f5 13. Bf3 Bg6 14. Rc1 Rac8 15. h4 h6 16. e3 a5 17. Qe2 b5 18. c5 Be7 19. d4 Kh8 20. Kg2 Rg8 21. Kh2 Rg7 22. a4 b4 23. Qa6 Bd8 24. Bg2 Bc7 25. Nf3 f6 26. Ne1 Rcg8 27. Nd3 Be8 28. Rg1 Qd8 29. Nf4 Bd7 30. Nh5 Rg4 31. Bh3 Rxh4 32. Nf4 Rhg4 33. Bxg4 fxg4 34. Kg2 e5 35. Ne2 Kh7 36. Rh1 Qc8 37. Qxc8 Bxc8 38. Rh5 Ba6 39. Rch1 Rg6 40. Nc1 Kg7 41. f3 gxf3+ 42. Kxf3 Bc8 43. Kf2 Bg4 44. R5h4 h5 45. Ne2 Rg5 46. Ke1 Kg6 47. R4h2 Rf5 48. Kd2 Rf3 49. Rg2 Kg5 50. Ng1 Rf5 51. Nh3+ Kg6 52. Ng1 Kg5 53. Rhh2 Rf1 54. Nh3+ Kg6 55. Nf2 Bf3 56. Nd3 Bxg2 57. Rxg2 Kg5 58. Ke2 Rb1 59. dxe5 Bxe5 0-1


[Site "https://www.chess.com"]

[Event "Titled Tuesday Blitz April 25 Late 2023"]
[White "Bortnyk, Olexandr"]
[Black "Meunier-Pion, Jean"]
[WhiteFideId "14120828"]
[BlackFideId "20685327"]
[WhiteElo "2734"]
[BlackElo "2124"]
[Result "1-0"]
[Round "01"]
[TimeControl "180+2"]
[Date "2023.04.25"]
[WhiteClock "0:00:03"]
[BlackClock "0:00:02"]

1. d4 Nf6 2. Nc3 d5 3. Bf4 a6 4. e3 e6 5. a3 c5 6. Nf3 Nc6 7. h3 Bd6 8. dxc5 Bxc5 9. Bd3 Qe7 10. O-O e5 11. Bg5 Be6 12. e4 d4 13. Nd5 Qd8 14. Nxf6+ gxf6 15. Bh6 Qd7 16. b4 Bd6 17. Nh4 Bxh3 18. Qf3 Rg8 19. Kh2 Bg4 20. Qg3 O-O-O 21. f3 Be6 22. Qf2 Ne7 23. g4 Ng6 24. Nf5 Bxf5 25. gxf5 Nf4 26. Rg1 Bc7 27. Rxg8 Rxg8 28. Rg1 Qd8 29. Rxg8 Qxg8 30. Qg3 Qxg3+ 31. Kxg3 Nxd3 32. cxd3 Bd6 33. Bd2 Kd7 34. Kg4 Ke8 35. Bh6 Bf8 36. Bd2 Bg7 37. Kh5 Kf8 38. Be1 Kg8 39. Bh4 Bh8 40. Bg3 Bg7 41. f4 Bh8 42. Bh4 Bg7 43. fxe5 fxe5 44. f6 Bf8 45. Kg5 a5 46. bxa5 Bxa3 47. Be1 Bd6 48. Kf5 Bc7 49. Bb4 h6 50. Bd2 Kh7 51. Be1 Kg8 52. Bb4 Kh7 53. Bd2 Kg8 54. Bxh6 Bxa5 55. Kxe5 Bb6 56. Bc1 Kh7 57. Kf5 Bd8 58. Ba3 Bb6 59. e5 Bd8 60. e6 fxe6+ 61. Kxe6 1-0


[Site "https://www.chess.com"]

[Event "Titled Tuesday Blitz April 25 Late 2023"]
[White "Bortnyk, Mykola"]
[Black "Erzhanov, Arman"]
[WhiteFideId "14120836"]
[BlackFideId "4138821"]
[WhiteElo "2582"]
[BlackElo "2138"]
[Result "1-0"]
[Round "01"]
[TimeControl "180+2"]
[Date "2023.04.25"]
[WhiteClock "0:00:40"]
[BlackClock "0:00:16"]

1. Nf3 d6 2. c4 e5 3. Nc3 g6 4. d4 Nc6 5. dxe5 Nxe5 6. Nxe5 dxe5 7. Qxd8+ Kxd8 8. Bg5+ f6 9. O-O-O+ Bd7 10. Bh4 c6 11. e3 Kc7 12. Ne4 Be7 13. Bg3 Nh6 14. h3 Nf5 15. Bh2 Be6 16. g4 Nh4 17. g5 Nf3 18. gxf6 Nxh2 19. fxe7 Nxf1 20. Nf6 Rhe8 21. Nxe8+ Rxe8 22. Rhxf1 Bxc4 23. Rg1 Bxa2 24. h4 Rxe7 25. h5 Bf7 26. h6 e4 27. Rg4 c5 28. Rf4 a5 29. Kc2 a4 30. Rg1 Bb3+ 31. Kd2 Re5 32. Rh4 Be6 33. Rxg6 hxg6 34. h7 Rd5+ 35. Ke2 Rd8 36. h8=Q Rxh8 37. Rxh8 b5 38. Re8 Kd6 39. Kd2 b4 40. Ra8 Bd7 41. Rg8 Bf5 42. Kc2 Kc6 43. Ra8 Kb5 44. Ra7 Be6 45. Kd2 c4 46. Re7 Bf5 47. Re5+ Kb6 48. Kc2 Ka6 49. Rc5 c3 50. bxc3 bxc3 51. Kxc3 Kb6 52. Kb4 a3 53. Rc2 a2 54. Rxa2 Kc6 55. Rd2 Be6 56. Kc3 Kc5 57. Rd8 Bf5 58. Rd4 Kc6 59. Kb4 Kb6 60. Rd6+ Kc7 61. Kc5 Kb7 62. Kd5 Kc7 63. Ke5 Kb7 64. Rf6 Kc7 65. Rxf5 gxf5 66. Kxf5 Kd6 67. Kxe4 Ke6 68. f4 Kf6 69. f5 Kf7 70. Kf4 Ke7 71. e4 Kf6 72. e5+ Kf7 73. e6+ 1-0


[Site "https://www.chess.com"]

[Event "Titled Tuesday Blitz April 25 Late 2023"]
[White "Fieberg, Samuel"]
[Black "Esipenko, Andrey"]
[WhiteFideId "12901717"]
[BlackFideId "24175439"]
[WhiteElo "2157"]
[BlackElo "2615"]
[Result "0-1"]
[Round "01"]
[TimeControl "180+2"]
[Date "2023.04.25"]
[WhiteClock "0:00:03"]
[BlackClock "0:01:17"]

1. e4 c6 2. d4 d5 3. exd5 cxd5 4. Nf3 Nf6 5. Bb5+ Bd7 6. Qe2 e6 7. Ne5 Be7 8. Nxd7 Nbxd7 9. O-O O-O 10. c3 Ne4 11. Nd2 Nd6 12. Bd3 a6 13. Nf3 b5 14. Ne5 Nxe5 15. dxe5 Nc4 16. f4 g6 17. a4 Qb6+ 18. Kh1 Qc6 19. a5 Qc7 20. b4 Rfd8 21. Ra2 d4 22. cxd4 Rxd4 23. Rc2 Rad8 24. Bxc4 Rxc4 25. Rxc4 Qxc4 26. Qxc4 bxc4 27. Ba3 Rd3 28. Ra1 c3 29. h3 Bxb4 30. Bxb4 c2 31. Bc3 Rd1+ 32. Kh2 Rxa1 33. Bxa1 0-1


[Site "https://www.chess.com"]

[Event "Titled Tuesday Blitz April 25 Late 2023"]
[White "Hakobyan, Aram"]
[Black "Pinto, Daniel"]
[WhiteFideId "13306677"]
[BlackFideId "3303144"]
[WhiteElo "2584"]
[BlackElo "2145"]
[Result "1-0"]
[Round "01"]
[TimeControl "180+2"]
[Date "2023.04.25"]
[WhiteClock "0:00:11"]
[BlackClock "0:00:01"]

1. d4 Nf6 2. c4 c5 3. d5 d6 4. Nc3 g6 5. e4 Bg7 6. Bd3 O-O 7. Nf3 e6 8. O-O exd5 9. exd5 Re8 10. Bf4 Nh5 11. Bg5 Bf6 12. Bd2 Bg4 13. Ne4 Be7 14. h3 Bxf3 15. Qxf3 Nd7 16. Bc3 f5 17. Ng3 Ng7 18. Bxf5 gxf5 19. Nxf5 Nxf5 20. Qxf5 Bf6 21. Rae1 Bxc3 22. bxc3 Ne5 23. Re4 Rf8 24. Qh5 Qf6 25. f4 Nf7 26. Rf3 Rae8 27. Rfe3 Rxe4 28. Rxe4 Qxc3 29. Kh2 Qf6 30. Qg4+ Qg6 31. Qe2 Nh6 32. Re6 Qg7 33. Rxd6 Nf5 34. Qe6+ Kh8 35. Rd7 Qg3+ 36. Kg1 Qe3+ 37. Qxe3 Nxe3 38. Rxb7 Rxf4 39. d6 Rf8 40. d7 Rd8 41. Rxa7 Nxc4 42. Rc7 Nb6 43. Rxc5 Rxd7 44. Rb5 Nd5 45. a4 Nc3 46. Rb8+ Kg7 47. Ra8 Ne2+ 48. Kf2 Nd4 49. a5 Nc6 50. a6 Ra7 51. Rxa7+ Nxa7 52. Ke3 Kf6 53. Kd4 Kf5 54. Kc5 Kf4 55. Kb6 Nc8+ 56. Kb7 Nd6+ 57. Kc7 Nb5+ 58. Kb6 Nd6 59. Kc6 Nc8 60. Kc7 Na7 61. Kb7 Nb5 62. Kb6 Nd6 63. Kc5 Nc8 64. Kd5 h5 65. Ke6 Kg3 66. Kf5 Kxg2 67. h4 Kg3 68. Kg5 Kf3 69. Kxh5 Kf4 70. Kg6 Ke5 71. h5 Kd6 72. h6 Ne7+ 73. Kg5 Nd5 74. h7 Nf6 75. Kxf6 1-0


[Site "https://www.chess.com"]

[Event "Titled Tuesday Blitz April 25 Late 2023"]
[White "Karas, Marek"]
[Black "Chigaev, Maksim"]
[WhiteFideId "14928558"]
[BlackFideId "4108116"]
[WhiteElo "2233"]
[BlackElo "2547"]
[Result "1/2-1/2"]
[Round "01"]
[TimeControl "180+2"]
[Date "2023.04.25"]
[WhiteClock "0:00:04"]
[BlackClock "0:00:05"]

1. d4 Nf6 2. Nf3 g6 3. Bg5 Bg7 4. Nbd2 O-O 5. e3 d6 6. Be2 Nc6 7. O-O Qe8 8. c3 e5 9. dxe5 Nxe5 10. Nxe5 Qxe5 11. Bf4 Qe7 12. h3 a5 13. a4 d5 14. Qb3 c6 15. Bf3 Be6 16. Qa3 Rfe8 17. Qxe7 Rxe7 18. Rfe1 Bf5 19. Bg5 Rd7 20. Nb3 h6 21. Bxf6 Bxf6 22. e4 dxe4 23. Bxe4 Bxe4 24. Rxe4 b6 25. Rae1 h5 26. Re8+ Rxe8 27. Rxe8+ Kg7 28. Kf1 Rd1+ 29. Re1 Rd8 30. Ke2 Kf8 31. Rd1 Rxd1 32. Kxd1 Ke7 33. Ke2 Ke6 34. Nd2 Kd5 35. Kd3 b5 36. b3 Bg7 37. c4+ Kc5 38. Ne4+ Kb4 39. cxb5 cxb5 40. axb5 Kxb5 41. Nd6+ Kb4 42. Kc2 f5 43. Nf7 Bf6 44. Nd6 Bd4 45. f3 h4 46. Nb7 Be5 47. Nd8 Bf6 48. Ne6 Kb5 49. Nf4 g5 50. Nd5 Be5 51. Ne3 f4 52. Nd1 Bd4 53. Kd3 Bc5 54. Nc3+ Kb4 55. Kc2 Bd4 56. Ne4 Bb6 57. Nxg5 Kc5 58. Ne6+ Kd5 59. Nxf4+ Kd4 60. Kd2 Ba7 61. Ne2+ Ke5 62. Kd3 Kd5 63. g3 hxg3 64. Nxg3 Ke5 65. Ne2 Bf2 66. Kc4 Be1 67. Nd4 Kf4 68. Kd3 Bf2 69. Nc6 Kxf3 70. Nxa5 Kg3 71. Kc4 Kxh3 72. b4 Be1 73. Kb5 Bxb4 1/2-1/2


[Site "https://www.chess.com"]

[Event "Titled Tuesday Blitz April 25 Late 2023"]
[White "Svane, Frederik"]
[Black "Lorenzo De La Riva, Lazaro"]
[WhiteFideId "12923044"]
[BlackFideId "2268809"]
[WhiteElo "2502"]
[BlackElo "2294"]
[Result "1-0"]
[Round "01"]
[TimeControl "180+2"]
[Date "2023.04.25"]
[WhiteClock "0:00:01"]
[BlackClock "0:00:01"]

1. e4 c6 2. d4 d5 3. exd5 cxd5 4. c3 Nc6 5. Nf3 Nf6 6. Ne5 e6 7. Bd3 Bd6 8. f4 O-O 9. Nd2 Qc7 10. O-O b6 11. Qe2 Ne7 12. g4 Bb7 13. Rf3 Ne4 14. Nxe4 dxe4 15. Bxe4 Bxe4 16. Qxe4 f5 17. gxf5 Nxf5 18. Bd2 Rf6 19. Qxa8+ 1-0


[Site "https://www.chess.com"]

[Event "Titled Tuesday Blitz April 25 Late 2023"]
[White "Debray, Christopher"]
[Black "Terry, Renato"]
[WhiteFideId "630810"]
[BlackFideId "3803457"]
[WhiteElo "2340"]
[BlackElo "2575"]
[Result "0-1"]
[Round "01"]
[TimeControl "180+2"]
[Date "2023.04.25"]
[WhiteClock "0:00:19"]
[BlackClock "0:00:57"]

1. d4 e6 2. Bf4 Nf6 3. e3 b6 4. Qf3 Nc6 5. c3 Bb7 6. Nd2 a6 7. e4 d6 8. Bd3 e5 9. Be3 d5 10. Ne2 Be7 11. O-O O-O 12. Ng3 exd4 13. cxd4 dxe4 14. Ndxe4 Na5 15. Nf5 Nxe4 16. Bxe4 Bxe4 17. Qxe4 Bf6 18. Rac1 Qd7 19. b4 Nb7 20. Nh6+ gxh6 21. Qxb7 Rfc8 22. Bxh6 Rab8 23. Qf3 Bg7 24. Qg3 f5 25. Rfe1 c6 26. Rxc6 Rxc6 27. Qxb8+ Rc8 28. Qg3 Kh8 29. Bxg7+ Qxg7 30. Qxg7+ Kxg7 31. Rd1 Kf6 32. h3 Rc2 33. a4 Rc4 34. a5 b5 35. d5 Ke7 36. d6+ Kd7 37. Kh2 Rxb4 38. Rd5 Ra4 39. Rxf5 b4 40. Rf7+ Kxd6 41. Rxh7 Rxa5 42. Rh6+ Kc5 43. Rh8 b3 44. Rb8 Rb5 45. Rc8+ Kd4 46. Rc1 b2 47. Rb1 a5 48. h4 a4 49. g4 a3 50. h5 a2 51. Rxb2 Rxb2 52. h6 a1=Q 53. Kg3 Qg1+ 54. Kf4 Rxf2+ 55. Kg5 Qc1+ 56. Kg6 Qc2+ 57. Kg7 Qc7+ 58. Kg8 Qf7+ 59. Kh8 Re2 60. h7 Re8# 0-1


[Site "https://www.chess.com"]

[Event "Titled Tuesday Blitz April 25 Late 2023"]
[White "Van Foreest, Jorden"]
[Black "Shapiro, Viktor"]
[WhiteFideId "1039784"]
[BlackFideId "4175700"]
[WhiteElo "2633"]
[BlackElo "2152"]
[Result "1-0"]
[Round "01"]
[TimeControl "180+2"]
[Date "2023.04.25"]
[WhiteClock "0:01:38"]
[BlackClock "0:00:19"]

1. e4 Nf6 2. Nc3 d5 3. e5 Nfd7 4. f4 e6 5. d4 c5 6. Nf3 Nc6 7. Ne2 a6 8. c3 b5 9. g4 h5 10. gxh5 Rxh5 11. Ng3 Rh8 12. f5 cxd4 13. fxe6 fxe6 14. cxd4 Qb6 15. Bd3 Bb4+ 16. Kf1 Rf8 17. Kg2 Bb7 18. a3 Be7 19. Bg6+ Kd8 20. Be3 Ncxe5 21. Nxe5 Nxe5 22. Bd3 Nc4 23. Qe2 e5 24. Rhf1 Nxe3+ 25. Qxe3 Qxd4 26. Qxd4 exd4 27. Nf5 Bf6 28. Nxd4 Bxd4 29. Rxf8+ Ke7 30. Rxa8 Bxa8 31. Re1+ Kd6 32. Re2 Be5 33. Kf3 Bc6 34. h4 Be8 35. Kg4 a5 36. h5 b4 37. axb4 axb4 38. b3 Bd7+ 39. Bf5 Bc6 40. Bd3 Bd7+ 41. Kg5 Be8 42. Ra2 Bf6+ 43. Kg4 Bd7+ 44. Bf5 Bb5 45. Ra5 Be2+ 46. Kf4 Bxh5 47. Bg4 Bxg4 48. Kxg4 Ke5 49. Rb5 Be7 50. Rb7 Bf8 51. Rf7 Bc5 52. Rxg7 d4 53. Rg5+ Kd6 54. Kf5 d3 55. Rg3 Kc6 56. Rxd3 Kb5 57. Ke4 Bb6 58. Kd5 Bc5 59. Rd2 Bb6 60. Rc2 Bd8 61. Rc8 Bb6 62. Rb8 Ka6 63. Kc6 Bd4 64. Ra8+ Ba7 65. Kc7 Kb5 66. Rxa7 1-0


[Site "https://www.chess.com"]

[Event "Titled Tuesday Blitz April 25 Late 2023"]
[White "Rodriguez Garcia, Yuliesky"]
[Black "Durarbayli, Vasif"]
[WhiteFideId "3516660"]
[BlackFideId "13402935"]
[WhiteElo "2157"]
[BlackElo "2551"]
[Result "1-0"]
[Round "01"]
[TimeControl "180+2"]
[Date "2023.04.25"]
[WhiteClock "0:00:30"]
[BlackClock "0:00:10"]

1. e4 c5 2. Nf3 d6 3. Bb5+ Nd7 4. a4 Nf6 5. d3 a6 6. Bc4 e6 7. c3 Be7 8. Nbd2 O-O 9. Nf1 d5 10. exd5 exd5 11. Bb3 b6 12. Ng3 Re8 13. O-O Bb7 14. Bf4 Bf8 15. Re1 g6 16. Qd2 Bg7 17. h3 Nf8 18. Bh6 Bh8 19. Ng5 Qd6 20. Rxe8 Rxe8 21. Re1 Rxe1+ 22. Qxe1 Bc6 23. d4 c4 24. Bc2 Bg7 25. Bxg7 Kxg7 26. Qe3 h6 27. Nf3 N6d7 28. Nh4 Qf6 29. Nf3 Ne6 30. Ne5 Nxe5 31. dxe5 Qd8 32. Ne2 Qg5 33. f4 Qd8 34. f5 gxf5 35. Bxf5 Nc5 36. Nd4 Bxa4 37. e6 fxe6 38. Bxe6 Qf6 39. Qg3+ Kh8 40. Qb8+ Kg7 41. Qg8# 1-0


[Site "https://www.chess.com"]

[Event "Titled Tuesday Blitz April 25 Late 2023"]
[White "Grigoriants, Sergey"]
[Black "Seletsky, Grigory"]
[WhiteFideId "4130804"]
[BlackFideId "14112191"]
[WhiteElo "2502"]
[BlackElo "2490"]
[Result "1-0"]
[Round "01"]
[TimeControl "180+2"]
[Date "2023.04.25"]
[WhiteClock "0:00:43"]
[BlackClock "0:00:16"]

1. d4 d6 2. e4 e5 3. Nf3 Nd7 4. Bc4 c6 5. O-O Be7 6. a4 a5 7. Re1 Ngf6 8. Nc3 O-O 9. h3 Qc7 10. b3 Nb6 11. Bd3 h6 12. Bb2 Re8 13. Ne2 Bf8 14. Ng3 g6 15. Qd2 Nbd7 16. Rad1 b6 17. Bc4 Bg7 18. Ba3 c5 19. dxe5 Nxe5 20. Qxd6 Qxd6 21. Rxd6 Nxc4 22. bxc4 Bb7 23. Rxb6 Bxe4 24. Rxf6 Bxf3 25. Rxe8+ Rxe8 26. Rxf3 Re1+ 27. Nf1 Bd4 28. c3 Bg7 29. Bxc5 Ra1 30. Bd4 Rxa4 31. c5 Bxd4 32. cxd4 Rxd4 33. Rc3 Rd7 34. c6 Rc7 35. Ne3 Kf8 36. Nd5 Rc8 37. c7 1-0


[Site "https://www.chess.com"]